 Dungeon Crawl Stone Soup version 0.13.1-27-ga479965 (console) character file.

2130 Jezuz the Gouger (level 8, -1/38 HPs)
             Began as a Felid Berserker on Jan 29, 2014.
             Was an Elder of Trog.
             Killed by nerve-wracking pain
             ... invoked by an orc priest
              (7 damage)
             ... on Level 10 of the Dungeon on Jan 30, 2014.
             The game lasted 00:24:37 (2220 turns).

Jezuz the Gouger (Felid Berserker)                  Turns: 2220, Time: 00:24:39

HP  -1/38        AC  2     Str 13      XL: 8   Next: 79%
MP  12/12        EV 26     Int  8      God: Trog [****..]
Gold 365         SH  0     Dex 19      Spells:  0 memorised,  7 levels left
Lives: 0, deaths: 2

Res.Fire  : . . .   See Invis. : +     - Unarmed
Res.Cold  : . . .   Warding    : .   (armour unavailable)
Life Prot.: . . .   Conserve   : .   (shield unavailable)
Res.Poison: .       Res.Corr.  : .   (helmet unavailable)
Res.Elec. : .       Clarity    : .   (cloak unavailable)
Sust.Abil.: . .     Spirit.Shd : .   (gloves unavailable)
Res.Mut.  : .       Stasis     : .   (boots unavailable)
Res.Rott. : .       Flight     : .   (no amulet)
Saprovore : . . .                    (no ring)
                                     g - +0,+6 ring of slaying {unknown}

@: exhausted, slowed, slow, somewhat resistant to hostile enchantments, fairly
stealthy
A: paw claws, no armour, no advanced items, fangs 3, see invisible, carnivore 3,
speed 1, slow metabolism 1, AC +2
a: Burn Spellbooks, Berserk, Trog's Hand, Brothers in Arms, Renounce Religion


You were on level 10 of the Dungeon.
You worshipped Trog.
Trog was greatly pleased with you.
You were full.

You visited 1 branch of the dungeon, and saw 10 of its levels.

You collected 345 gold pieces.

Inventory:

Comestibles
 c - 2 meat rations
Scrolls
 a - 3 scrolls of magic mapping {unknown}
 d - a scroll of recharging {unknown}
 e - a scroll of random uselessness {unknown}
 h - a scroll of fear {unknown}
 k - 3 scrolls of remove curse {unknown}
 p - 2 scrolls of immolation {unknown}
 r - a scroll of enchant weapon II {unknown}
Jewellery
 g - a +0,+6 ring of slaying (left paw) {unknown}
 q - an uncursed ring of ice
Potions
 b - 3 potions of curing
 i - a potion of brilliance
 j - a potion of resistance {unknown}
 m - 3 potions of might
 o - 2 potions of slowing {unknown}
 s - a potion of flight
Books
 f - a book of Flames

   Spells                             Type                      Level
   Flame Tongue                       Conjuration/Fire             1
   Throw Flame                        Conjuration/Fire             2
   Conjure Flame                      Conjuration/Fire             3
   Inner Flame                        Hexes/Fire                   3
   Sticky Flame                       Conjuration/Fire             4
   Fireball                           Conjuration/Fire             5
   Trog disapproves of the use of such an item.
Miscellaneous
 l - a plain deck of war


   Skills:
 + Level 7.2 Fighting
 + Level 9.7 Dodging
 * Level 10.2 Unarmed Combat


You had 7 spell levels left.
You didn't know any spells.

Dungeon Overview and Level Annotations

Branches:
Dungeon (10/27)            Temple (0/1) D:5             Orc (0/4) D:10
   Lair: D:8-13

Altars:
Fedhas
Kikubaaqudgha
Sif Muna
Vehumet
Beogh

Shops:
D:4 *   D:5 [   D:8 (/

Annotations:
D:5 exclusion: oklob sapling


Innate Abilities, Weirdness & Mutations

You cannot wear armour.
You are incapable of any advanced item manipulation.
Your paws have sharp claws.
You have razor-sharp teeth.
You have supernaturally acute eyesight.
You are carnivorous and can eat meat at any time.
You cover ground quickly.
You are covered in thick fur (AC +2).
You have a slow metabolism.


Message History

You kill the orc!
Trog accepts your kill.
The hound gazes forward, looking utterly alone.
The hound closely misses you.
The orc priest invokes the aid of Beogh against you.
Something smites you! The hound misses you. The hound barely misses you.
You see here an orcish scimitar.
The crimson imp blinks!
The hound barely misses you.
You closely miss the orc priest. The hound bites you.
* * * LOW HITPOINT WARNING * * *
The orc priest completely misses you.
You scratch the orc priest.
The orc priest begins to bleed from its wounds!
The orc priest is moderately wounded.
The hound bites you.
* * * LOW HITPOINT WARNING * * *
The orc priest invokes the aid of Beogh against you.
Pain shoots through your body!
You die...

#.# ...#.#...
......... .........# .
o§........# ...
..........##....
...........#.....
.......o...........
#..5...@h..........
#.#.#...)..o........
.###.#....)........#
..<.....).((..((...#.
.............(........
............(.##....
......$........#
.....≈≈≈≈≈≈....#
.......≈......#


You could see a hound, an orc priest (bleeding), a crimson imp and 2 orcs.

Vanquished Creatures
  The ghost of letownia the Basher, an experienced GrBe of Trog (D:8)
  A troll (D:10)
  Edmund (D:5)
  2 hippogriffs
  The ghost of letownia the Cudgeler, an average GrBe of Trog (D:5)
  2 orc warriors (D:10)
  2 black bears (D:7)
  An ogre (D:9)
  3 centaurs
  2 giant frogs
  2 gnoll sergeants (D:9)
  3 wights (D:7)
  A giant frog zombie (D:9)
  4 crimson imps
  2 jellies
  3 hounds
  An iguana (D:4)
  2 orc priests (D:9)
  A gnoll shaman (D:9)
  4 orc wizards
  5 worker ants
  9 gnolls
  4 adders
  A worm (D:5)
  4 giant geckos
  22 orcs
  2 ball pythons
  A giant cockroach (D:3)
  2 goblins
  10 hobgoblins
  12 kobolds
  2 quokkas
  7 bats
  A giant newt (D:1)
  7 jackals
  An orc skeleton (D:8)
  12 rats
141 creatures vanquished.

Vanquished Creatures (others)
  An orc (D:10)
  A giant spore (D:8)
2 creatures vanquished.

Grand Total: 143 creatures vanquished

Notes
Turn   | Place    | Note
--------------------------------------------------------------
     0 | D:1      | Jezuz, the Felid Berserker, began the quest for the Orb.
     0 | D:1      | Reached XP level 1. HP: 10/10 MP: 1/1
   127 | D:2      | Reached XP level 2. HP: 12/14 MP: 2/2
   307 | D:4      | Reached XP level 3. HP: 15/18 MP: 4/4
   328 | D:4      | Found Faepp's General Store.
   372 | D:5      | Entered Level 5 of the Dungeon
   372 | D:5      | Found a staircase to the Ecumenical Temple.
   384 | D:5      | Noticed Edmund
   384 | D:5      | Noticed a centaur
   411 | D:4      | Acquired Trog's second power
   411 | D:4      | Reached XP level 4. HP: 16/21 MP: 6/6
   542 | D:4      | Reached skill level 5 in Dodging
   614 | D:4      | Reached XP level 5. HP: 23/25 MP: 7/7
   620 | D:4      | Reached skill level 5 in Unarmed Combat
   639 | D:5      | Found Ohaekh's Antique Armour Boutique.
   670 | D:5      | HP: 1/37 [orc wizard/magic dart (7)]
   673 | D:5      | Slain by an orc wizard
   674 | D:5      | Reached XP level 4. HP: -3/31 MP: 6/6
   688 | D:5      | Reached XP level 5. HP: 25/25 MP: 7/7
   694 | D:5      | Noticed letownia's ghost (average GrBe)
   767 | D:5      | Killed letownia's ghost
   767 | D:5      | Reached skill level 6 in Dodging
   770 | D:5      | Gained mutation: You are covered in thick fur (AC +2). [growing up]
   770 | D:5      | Reached XP level 6. HP: 13/29 MP: 9/9
   948 | D:5      | Found a blossoming altar of Fedhas.
   949 | D:5      | Found an ancient bone altar of Kikubaaqudgha.
   951 | D:5      | Found a radiant altar of Vehumet.
   985 | D:5      | Killed a centaur
  1042 | D:5      | Killed Edmund
  1042 | D:5      | Reached XP level 7. HP: 33/33 MP: 11/11
  1164 | D:6      | Reached skill level 5 in Fighting
  1164 | D:6      | Reached skill level 7 in Dodging
  1328 | D:8      | Found Amostren's Weapon Shoppe.
  1328 | D:8      | Noticed letownia's ghost (experienced GrBe)
  1434 | D:7      | Reached XP level 8. HP: 37/37 MP: 12/12
  1489 | D:8      | Found Uschotuha's Magical Wand Shop.
  1540 | D:8      | Killed letownia's ghost
  1540 | D:8      | Reached skill level 8 in Dodging
  1697 | D:9      | Reached skill level 9 in Unarmed Combat
  1801 | D:9      | Found a deep blue altar of Sif Muna.
  1888 | D:9      | Reached XP level 9. HP: 41/41 MP: 14/14
  1962 | D:9      | Acquired Trog's third power
  2095 | D:10     | Entered Level 10 of the Dungeon
  2162 | D:10     | Found a staircase to the Orcish Mines.
  2162 | D:10     | Found a roughly hewn altar of Beogh.
  2180 | D:10     | Killed from afar by an orc priest
  2181 | D:10     | Reached XP level 8. HP: 0/55 MP: 12/12
  2193 | D:10     | Reached skill level 10 in Unarmed Combat
  2220 | D:10     | Killed from afar by an orc priest

Action                   |  1- 3 |  4- 6 |  7- 9 || total
-------------------------+-------+-------+-------++-------
Melee: Unarmed           |    48 |   136 |   185 ||   369
Invok: Berserk           |     2 |     8 |     8 ||    18
       Trog's Hand       |       |     7 |     6 ||    13
  Use: Potion            |       |     1 |     1 ||     2
       Scroll            |       |       |     6 ||     6
 Stab: Sleeping          |     3 |     1 |       ||     4
       Invisible         |       |       |     3 ||     3
